 Dungeon Crawl Stone Soup version 0.29.0-4-gdea44cf6ec (webtiles) character file.

Game seed: 6316553150356131848

20628 qw the Cleaver (level 12, 0/76 HPs)
             Began as a Gargoyle Fighter on Sept 10, 2022.
             Was a High Priest of Okawaru.
             Slain by a bog body (25 damage)
             ... on level 2 of the Lair of Beasts.
             The game lasted 00:05:28 (14651 turns).

qw the Cleaver (Gargoyle Fighter)                  Turns: 14651, Time: 00:05:28

Health: 0/76       AC: 43    Str: 31    XL:     12   Next: 81%
Magic:  19/19      EV: 10    Int:  9    God:    Okawaru [*****.]
Gold:   299        SH: 13    Dex: 11    Spells: 11/11 levels left

rFire   . . .      SeeInvis .   a - +1 broad axe "Wociet" {pain, Dex+2}
rCold   . . .      Faith    .   j - +0 kite shield
rNeg    + . .      Spirit   .   c - +0 plate armour
rPois   inf        Reflect  .   s - +2 hat
rElec   +          Harm     .   g - +2 cloak
rCorr   .          Rampage  .   t - +2 pair of gloves
Will    .....                   n - +2 pair of boots {Stlth+}
Stlth   ..........              (no amulet)
HPRegen 0.22/turn               i - +4 ring of protection
MPRegen 0.16/turn               k - +6 ring of strength

@: heroic
A: sickness immunity, AC +8, negative energy resistance 1, electricity
resistance, torment resistance 1, petrification resistance, beak, iridescent
scales 1
a: Renounce Religion, Heroism, Finesse, Duel


You were on level 2 of the Lair of Beasts.
You worshipped Okawaru.
Okawaru was extremely pleased with you.
You visited 3 branches of the dungeon, and saw 14 of its levels.
You also visited: Ossuary.

You collected 751 gold pieces.
You spent 452 gold pieces at shops.


Innate Abilities, Weirdness & Mutations

You are immune to sickness and miasma.
Your stone body is resilient. (AC +8)
You are immune to poison.
You resist negative energy. (rN+)
You are resistant to electric shocks. (rElec)
You are resistant to unholy torment.
You are immune to petrification.
You have a beak for a mouth.
You are partially covered in iridescent scales. (AC +2)


   Skills:
 - Level 9.0(14.0) Fighting
 - Level 12.0(17.0) Axes
 - Level 1.6(6.6) Throwing
 + Level 8.1(13.1) Armour
 - Level 2.7(7.7) Dodging
 - Level 10.0(15.0) Shields
 - Level 10.0 Invocations


You had 11 spell levels left.
You didn't know any spells.
Your spell library was empty.

Inventory:

Hand Weapons
 a - the +1 broad axe "Wociet" (weapon) {pain, Dex+2}
   (Okawaru gifted it to you on level 11 of the Dungeon)

   In the hands of one skilled in necromantic magic, it inflicts extra damage on
   living creatures.
   Dex:       It affects your dexterity (+2).
 h - a +5 morningstar
Missiles
 o - 6 boomerangs (quivered)
Armour
 c - a +0 plate armour (worn)
 g - a +2 cloak (worn)
 j - a +0 kite shield (worn)
 n - a +2 pair of boots of stealth (worn)
 s - a +2 hat (worn)
 t - a +2 pair of gloves (worn)
Jewellery
 i - a +4 ring of protection (left hand)
 k - a +6 ring of strength (right hand)
 l - a +4 ring of evasion
Scrolls
 p - 2 scrolls of identify
 w - 10 scrolls of teleportation
 y - a scroll of blinking
Potions
 b - a potion of attraction
 d - 2 potions of might
 e - 3 potions of mutation
 f - 2 potions of curing
 m - a potion of lignification
 q - a potion of resistance
 r - 5 potions of haste
 u - 3 potions of heal wounds
 v - 2 potions of cancellation
 x - a potion of magic

Dungeon Overview and Level Annotations

Branches:
Dungeon (11/15)            Temple (1/1) D:5            Lair (2/5) D:11
  Snake (0/4) Lair:2      Ossuary (visited)
  Swamp: Lair:2-3    Shoals: Lair:2-3       Orc: D:9-12

Altars:
Ashenzari
Cheibriados
Dithmenos
Elyvilon
Fedhas
Gozag
Hepliaklqana
Kikubaaqudgha
Makhleb
Nemelex Xobeh
Okawaru
Qazlal
Ru
Sif Muna
Trog
Uskayaw
Vehumet
Wu Jian
Xom
Yredelemnul
Zin
The Shining One

Shops:
D:2 :   D:3 :   D:7 ?   D:10 *

Annotations:
D:5 2 transporters, qw's ghost, weakling GrDe
D:8 1 runed translucent door, qw's ghost, novice MiFi
D:11 2 transporters


Message History

Enter note:
Enter note:
Enter note:
Enter note:
14641 ||| Stepping ~*~*~tactically~*~*~ (stealth).
A bog body comes into view.
The blink frog croaks.
A bog body comes into view.
You hit the blink frog.
The blink frog is lightly wounded.
You block the blink frog's attack.
The blink frog blinks!
You slash the blink frog!
The blink frog is heavily wounded.
You block the blink frog's attack.
You closely miss the blink frog. Your peck misses the blink frog.
The blink frog is heavily wounded.
The blink frog hits you but does no damage.
You block the blink frog's attack.
You barely miss the blink frog. Your peck misses the blink frog.
The blink frog is heavily wounded.
The blink frog hits you.
You slice the blink frog!!
You kill the blink frog!
Okawaru accepts your kill.
You slash the bog body!
The bog body is moderately damaged.
The blink frog blinks!
The bog body touches you. The bog body freezes you!!
You barely miss the bog body.
The bog body is moderately damaged.
The bog body gestures at you while chanting.
You resist with significant effort. The bog body touches you.
The bog body freezes you!
You hit the bog body.
You peck the bog body, but do no damage.
The bog body is moderately damaged.
You barely miss the bog body.
The bog body is moderately damaged.
You hit the bog body. The bog body touches you! The bog body freezes you!!
You die...

..........7 7
##........#
..>.......7~7
7.###......###
...<...... 7.
77..........#
.....#
...7..7..#.###....#
.....##
#..7.ยค7^.###
###..## ##....#
#..}}...# #...#
#...## #.......#
#...# #...#
#P..#nn# ###..P#
##...# #...#@#
#....## #P...#
#.....# ##....#
##...## ##P#..#
#...## #....# #
#..# ##...# ##....#
##.# #...## .#./.P#
###.## ##..#
......# #....#
###...# .....##
##...###P##..##
.....####P.
#..#..........P#


You could see 2 bog bodies.

Vanquished Creatures
  A hydra (Lair:1)
  A boulder beetle (D:11)
  A catoblepas (Lair:1)
  Pikel (D:5)
  A cyclops (D:11)
  A manticore (D:11)
  An ugly thing (D:10)
  7 centaur zombies (D:11)
  A black mamba (Lair:1)
  Maggie (D:8)
  Psyche (D:8)
  2 cane toads (Lair:1)
  A kobold demonologist (D:11)
  A komodo dragon (Lair:2)
  3 blink frogs (Lair:2)
  3 trolls
  Prince Ribbit (D:6)
  Grinder (D:3)
  2 meliai zombies (D:11)
  5 shadows
  7 vampires
  13 yaks
  A basilisk (Lair:1)
  6 wraiths
  A steam dragon (D:8)
  Menkaure (D:5)
  An acid dragon (D:11)
  10 water moccasins
  6 orc warriors
  Duvessa (D:6)
  2 sky beasts
  5 ice beasts
  3 black bears
  3 wolves (Lair:1)
  2 centaurs
  2 lemures (D:5)
  2 phantoms
  A kobold brigand (D:10)
  A necrophage (D:5)
  10 bullfrogs
  3 scorpions
  3 gnoll sergeants
  10 wights
  Dowan (D:6)
  7 howler monkeys
  3 jellies
  4 hounds (D:6)
  4 orc priests
  Jessica (D:2)
  3 iguanas
  8 orc wizards
  Terence (D:3)
  A howler monkey zombie (D:11)
  Robin (D:4)
  20 gnolls
  8 adders
  2 white imps (D:6)
  An adder zombie (Ossuary)
  4 worms
  4 dart slugs
  35 orcs
  9 endoplasms
  3 giant cockroaches
  20 goblins
  12 hobgoblins
  A jackal (D:2)
  9 quokkas
  8 ball pythons
  A ball python skeleton (Ossuary)
  4 bats
  3 frilled lizards (D:1)
  8 kobolds
  2 kobold zombies (Ossuary)
  An orc skeleton (Ossuary)
  3 rats
322 creatures vanquished.

Vanquished Creatures (others)
  3 fungi (Lair:2)
  3 plants
  5 withered plants (D:11)
11 creatures vanquished.

Grand Total: 333 creatures vanquished

Notes
Turn   | Place    | Note
-------+----------+-------------------------------------------
     0 | D:1      | qw the Gargoyle Fighter began the quest for the Orb.
     0 | D:1      | Reached XP level 1. HP: 14/14 MP: 1/1
     0 | D:1      | 0 ||| qw: Version: 0.1-a-116-g5d60599
     0 | D:1      | 0 ||| qw: Game counter: 7636
     0 | D:1      | 0 ||| qw: Always use a shield: true
     0 | D:1      | 0 ||| qw: God list: Okawaru
     0 | D:1      | 0 ||| qw: Allow faded altars: false
     0 | D:1      | 0 ||| qw: Do Orc after D:15 true
     0 | D:1      | 0 ||| qw: Do second Lair branch before Depths: true
     0 | D:1      | 0 ||| qw: Lair rune preference: random
     0 | D:1      | 0 ||| qw: Plans: Normal, Zot, God:TSO, Crypt, Tomb, Zig,
                  | Orb
     0 | D:1      | 0 ||| PLANNING D:1-11
    24 | D:1      | Reached skill level 2 in Axes
   105 | D:1      | Reached XP level 2. HP: 19/19 MP: 2/2
   133 | D:1      | 133 ||| Stepping ~*~*~tactically~*~*~ (hiding).
   302 | D:1      | 302 ||| Stepping ~*~*~tactically~*~*~ (stealth).
   308 | D:1      | 308 ||| Stepping ~*~*~tactically~*~*~ (stealth).
   484 | D:1      | Found a faded altar of an unknown god.
   523 | D:1      | Reached skill level 3 in Axes
   530 | D:1      | Reached XP level 3. HP: 23/23 MP: 3/3
   531 | D:1      | 531 ||| Stepping ~*~*~tactically~*~*~ (stealth).
   668 | D:1      | 668 ||| UPGRADING to +0 chain mail.
   678 | D:1      | 678 ||| DROPPING +0 scale mail.
   679 | D:1      | 679 ||| UPGRADING to +4 ring of protection.
   680 | D:1      | 680 ||| READING scroll labelled ANEGENGEOPH.
   719 | D:2      | Found Miblomec's Book Emporium.
   733 | D:2      | 733 ||| STAIRDANCE
   835 | D:2      | 835 ||| DROPPING +0 club.
   888 | D:2      | 888 ||| Stepping ~*~*~tactically~*~*~ (hiding).
   890 | D:2      | 890 ||| Stepping ~*~*~tactically~*~*~ (hiding).
  1064 | D:2      | 1064 ||| Stepping ~*~*~tactically~*~*~ (stealth).
  1069 | D:2      | 1069 ||| Stepping ~*~*~tactically~*~*~ (stealth).
  1072 | D:2      | 1072 ||| Stepping ~*~*~tactically~*~*~ (stealth).
  1083 | D:2      | 1083 ||| FLEEEEING.
  1084 | D:2      | 1084 ||| FLEEEEING.
  1086 | D:2      | 1086 ||| FLEEEEING.
  1087 | D:2      | 1087 ||| FLEEEEING.
  1218 | D:2      | Noticed Jessica
  1220 | D:2      | 1220 ||| Stepping ~*~*~tactically~*~*~ (hiding).
  1227 | D:2      | Killed Jessica
  1228 | D:2      | Reached skill level 4 in Axes
  1228 | D:2      | Reached XP level 4. HP: 24/28 MP: 4/4
  1356 | D:2      | 1356 ||| Stepping ~*~*~tactically~*~*~ (stealth).
  1437 | D:2      | 1437 ||| Stepping ~*~*~tactically~*~*~ (stealth).
  1552 | D:2      | 1552 ||| DROPPING +0 mace.
  1634 | D:2      | Reached XP level 5. HP: 14/32 MP: 5/5
  1953 | D:2      | 1953 ||| UPGRADING to +0 cloak.
  1958 | D:2      | 1958 ||| DROPPING amulet of faith.
  1959 | D:2      | 1959 ||| READING 2 scrolls labelled IPEONO QEAGGO.
  1962 | D:2      | 1962 ||| READING scroll labelled GIFFAE ONKAI.
  2046 | D:3      | Reached skill level 5 in Axes
  2135 | D:3      | Noticed Grinder
  2136 | D:3      | 2136 ||| Stepping ~*~*~tactically~*~*~ (hiding).
  2137 | D:3      | 2137 ||| Stepping ~*~*~tactically~*~*~ (hiding).
  2144 | D:3      | Paralysed by Grinder for 3 turns
  2158 | D:3      | HP: 3/32 [Grinder (15)]
  2158 | D:3      | HP: 1/32 [Grinder (2)]
  2159 | D:3      | 2159 ||| READING 2 scrolls of teleportation.
  2167 | D:3      | 2167 ||| READING scroll of teleportation.
  2170 | D:3      | HP: 1/32 [adder (1)]
  2484 | D:3      | Found a hazy altar of Hepliaklqana.
  2586 | D:3      | Found Haibiwky's Book Emporium.
  2590 | D:3      | Paralysed by Grinder for 3 turns
  2605 | D:3      | Killed Grinder
  2606 | D:3      | Reached XP level 6. HP: 33/40 MP: 6/6
  2688 | D:3      | Noticed Terence
  2699 | D:3      | Killed Terence
  2739 | D:3      | 2739 ||| DROPPING +0 flail.
  2944 | D:3      | 2944 ||| DROPPING amulet of magic regeneration.
  2945 | D:3      | 2945 ||| READING scroll labelled BOAMUPNEYC.
  2958 | D:4      | Reached XP level 7. HP: 39/44 MP: 7/7
  3188 | D:4      | 3188 ||| FLEEEEING.
  3191 | D:4      | 3191 ||| FLEEEEING.
  3192 | D:4      | 3192 ||| FLEEEEING.
  3193 | D:4      | 3193 ||| FLEEEEING.
  3194 | D:4      | 3194 ||| FLEEEEING.
  3195 | D:4      | 3195 ||| FLEEEEING.
  3196 | D:4      | 3196 ||| FLEEEEING.
  3200 | D:4      | 3200 ||| FLEEEEING.
  3201 | D:4      | 3201 ||| FLEEEEING.
  3202 | D:4      | 3202 ||| FLEEEEING.
  3203 | D:4      | 3203 ||| FLEEEEING.
  3204 | D:4      | 3204 ||| FLEEEEING.
  3205 | D:4      | 3205 ||| FLEEEEING.
  3206 | D:4      | 3206 ||| FLEEEEING.
  3207 | D:4      | 3207 ||| FLEEEEING.
  3208 | D:4      | 3208 ||| FLEEEEING.
  3209 | D:4      | 3209 ||| FLEEEEING.
  3216 | D:4      | 3216 ||| FLEEEEING.
  3217 | D:4      | 3217 ||| FLEEEEING.
  3222 | D:4      | 3222 ||| STAIRDANCE
  3404 | D:4      | 3404 ||| Stepping ~*~*~tactically~*~*~ (hiding).
  3412 | D:4      | Noticed Robin
  3432 | D:4      | Reached skill level 6 in Axes
  3440 | D:4      | Killed Robin
  3542 | D:4      | 3542 ||| Stepping ~*~*~tactically~*~*~ (hiding).
  3964 | D:4      | Reached skill level 1 in Dodging
  4139 | D:4      | 4139 ||| UPGRADING to +0 helmet.
  4144 | D:4      | 4144 ||| UPGRADING to +1 pair of gloves.
  4149 | D:4      | 4149 ||| READING scroll labelled HAGIS LIYN.
  4150 | D:4      | 4150 ||| READING scroll labelled WENUIFOLUA.
  4151 | D:4      | 4151 ||| DRINKING 2 amethyst potions.
  4151 | D:4      | Gained mutation: You are partially covered in iridescent
                  | scales. (AC +2) [potion of mutation]
  4151 | D:4      | Gained mutation: You have a beak for a mouth. [potion of
                  | mutation]
  4152 | D:4      | 4152 ||| DROPPING +0 helmet.
  4153 | D:4      | 4153 ||| DRINKING 2 coppery potions.
  4154 | D:4      | 4154 ||| DROPPING potion of brilliance.
  4177 | D:5      | Entered Level 5 of the Dungeon
  4200 | D:5      | Found a glowing golden altar of the Shining One.
  4380 | D:5      | Found a transporter.
  4507 | D:5      | Noticed Menkaure
  4508 | D:5      | 4508 ||| Stepping ~*~*~tactically~*~*~ (hiding).
  4516 | D:5      | Killed Menkaure
  4517 | D:5      | Reached skill level 7 in Axes
  4517 | D:5      | Reached XP level 8. HP: 40/50 MP: 8/8
  4653 | D:5      | Noticed Pikel
  4669 | D:5      | Killed Pikel
  4670 | D:5      | Reached skill level 8 in Axes
  4813 | D:5      | 4813 ||| FLEEEEING.
  4814 | D:5      | 4814 ||| FLEEEEING.
  4854 | D:5      | Found a bloodstained altar of Trog.
  4876 | D:5      | Found a staircase to the Ecumenical Temple.
  4877 | D:5      | 4877 ||| PLANNING TEMPLE
  4877 | D:5      | 4877 ||| UPGRADING to +6 ring of strength.
  4878 | D:5      | 4878 ||| READING scroll labelled ROMUIXKOPN.
  4979 | D:5      | 4979 ||| READING scroll labelled RESODW WEYSSOH.
  5042 | Temple   | Entered the Ecumenical Temple
  5131 | Temple   | 5131 ||| PLANNING D:1-11
  5143 | Temple   | Became a worshipper of Warmaster Okawaru
  5187 | D:5      | Found a transporter.
  5187 | D:5      | Noticed qw's ghost (weakling GrDe)
  5237 | D:5      | 5237 ||| Stepping ~*~*~tactically~*~*~ (stealth).
  5239 | D:5      | 5239 ||| Stepping ~*~*~tactically~*~*~ (hiding).
  5247 | D:5      | 5247 ||| Stepping ~*~*~tactically~*~*~ (stealth).
  5392 | D:5      | Found a snail-covered altar of Cheibriados.
  5393 | D:5      | 5393 ||| READING scroll of teleportation.
  5550 | D:5      | Reached skill level 1 in Throwing
  5645 | D:5      | Reached skill level 6 in Fighting
  5645 | D:5      | Reached XP level 9. HP: 29/55 MP: 9/9
  5950 | D:5      | 5950 ||| READING scroll labelled TOACEI QUGU.
  5962 | D:6      | 5962 ||| PLANNING OSSUARY
  6025 | D:6      | Reached skill level 9 in Axes
  6274 | D:6      | Found a sand-covered staircase.
  6275 | D:6      | 6275 ||| READING scroll labelled OSSIYLYAPT.
  6275 | D:6      | Identified a scroll of acquirement
  6275 | D:6      | 6275 ||| ACQUIRING +2 pair of boots of stealth
  6275 | D:6      | Acquired a +2 pair of boots of stealth
  6277 | D:6      | 6277 ||| UPGRADING to +2 pair of boots of stealth.
  6282 | D:6      | 6282 ||| READING scroll labelled SOYNO WUXEEZALET.
  6290 | Ossuary  | Entered an ossuary
  6508 | Ossuary  | Reached * piety under Okawaru
  6613 | Ossuary  | 6613 ||| INVOKING Heroism.
  6615 | Ossuary  | Reached skill level 1 in Invocations
  6705 | Ossuary  | 6705 ||| READING scroll labelled BUGOEL URUCS.
  6706 | Ossuary  | 6706 ||| DRINKING 2 puce potions.
  6707 | Ossuary  | 6707 ||| DRINKING 2 sapphire potions.
  6808 | Ossuary  | 6808 ||| DRINKING 3 orange potions.
  6809 | Ossuary  | 6809 ||| DROPPING potion of ambrosia.
  6858 | D:6      | 6858 ||| PLANNING D:1-11
  6907 | D:6      | 6907 ||| INVOKING Heroism.
  6919 | D:6      | 6919 ||| INVOKING Heroism.
  7216 | D:6      | Noticed Prince Ribbit
  7217 | D:6      | 7217 ||| INVOKING Heroism.
  7227 | D:6      | Killed Prince Ribbit
  7341 | D:6      | 7341 ||| Stepping ~*~*~tactically~*~*~ (hiding).
  7342 | D:6      | 7342 ||| INVOKING Heroism.
  7540 | D:6      | Noticed Duvessa
  7540 | D:6      | Noticed Dowan
  7541 | D:6      | 7541 ||| Stepping ~*~*~tactically~*~*~ (stealth).
  7543 | D:6      | 7543 ||| INVOKING Heroism.
  7545 | D:6      | 7545 ||| Stepping ~*~*~tactically~*~*~ (stealth).
  7548 | D:6      | Killed Duvessa
  7549 | D:6      | Reached skill level 3 in Invocations
  7557 | D:6      | Killed Dowan
  7719 | D:6      | 7719 ||| DROPPING scarf of shadows.
  7720 | D:6      | 7720 ||| READING scroll labelled VEFAPH OGOORIR.
  7750 | D:7      | 7750 ||| INVOKING Heroism.
  7751 | D:7      | 7751 ||| STAIRDANCE
  7771 | D:7      | 7771 ||| STAIRDANCE
  7779 | D:6      | Reached XP level 10. HP: 44/63 MP: 12/12
  7779 | D:6      | 7779 ||| INVOKING Heroism.
  7935 | D:6      | 7935 ||| DROPPING +2 flail of protection.
  7950 | D:7      | Reached skill level 10 in Axes
  8077 | D:7      | Found Xum Izuli's Magic Scroll Shop.
  8103 | D:7      | 8103 ||| SHOPLISTING scroll of acquirement (780 gold, have
                  | 393).
  8103 | D:7      | 8103 ||| BUYING scroll of enchant armour (112 gold).
  8103 | D:7      | Bought a scroll of enchant armour for 112 gold pieces
  8103 | D:7      | 8103 ||| BUYING scroll of identify (30 gold).
  8103 | D:7      | Bought a scroll of identify for 30 gold pieces
  8103 | D:7      | 8103 ||| BUYING scroll of identify (30 gold).
  8103 | D:7      | Bought a scroll of identify for 30 gold pieces
  8103 | D:7      | 8103 ||| BUYING scroll of teleportation (45 gold).
  8103 | D:7      | Bought a scroll of teleportation for 45 gold pieces
  8103 | D:7      | 8103 ||| BUYING scroll of teleportation (45 gold).
  8103 | D:7      | Bought a scroll of teleportation for 45 gold pieces
  8103 | D:7      | 8103 ||| READING scroll of enchant armour.
  8103 | D:7      | 8103 ||| ENCHANTING +1 pair of gloves.
  8137 | D:7      | Found a broken altar of Ashenzari.
  8346 | D:7      | 8346 ||| INVOKING Heroism.
  8385 | D:7      | 8385 ||| Stepping ~*~*~tactically~*~*~ (hiding).
  8437 | D:7      | Reached ** piety under Okawaru
  8438 | D:7      | Reached skill level 6 in Armour
  8686 | D:7      | Found a shimmering blue altar of Sif Muna.
  8732 | D:7      | 8732 ||| READING scroll labelled MOMOIFFULIWEFF.
  8733 | D:7      | 8733 ||| DRINKING 2 fuming emerald potions.
  8837 | D:7      | 8837 ||| DRINKING 2 fuming silvery potions.
  8838 | D:7      | 8838 ||| READING 3 scrolls of identify.
  8838 | D:7      | 8838 ||| IDENTIFYING clear potion
  8839 | D:7      | 8839 ||| READING 2 scrolls of identify.
  8839 | D:7      | 8839 ||| IDENTIFYING fuming inky potion
  8840 | D:7      | 8840 ||| DROPPING potion of degeneration.
  8841 | D:7      | 8841 ||| DROPPING potion of berserk rage.
  8842 | D:7      | 8842 ||| DROPPING potion of invisibility.
  8886 | D:8      | 8886 ||| READING scroll of enchant armour.
  8886 | D:8      | 8886 ||| ENCHANTING +0 cloak.
  8909 | D:8      | Found a flagged portal.
  8910 | D:8      | 8910 ||| INVOKING Heroism.
  9016 | D:8      | Noticed Maggie
  9031 | D:8      | Killed Maggie
  9133 | D:8      | Noticed Psyche
  9134 | D:8      | 9134 ||| INVOKING Heroism.
  9149 | D:8      | Killed Psyche
  9307 | D:8      | 9307 ||| INVOKING Heroism.
  9308 | D:8      | 9308 ||| Stepping ~*~*~tactically~*~*~ (cloud).
  9318 | D:8      | 9318 ||| Stepping ~*~*~tactically~*~*~ (cloud).
  9343 | D:8      | Found a runed translucent door.
  9462 | D:8      | 9462 ||| INVOKING Heroism.
  9602 | D:8      | Noticed qw's ghost (novice MiFi)
  9707 | D:8      | 9707 ||| UPGRADING to +0 kite shield.
  9717 | D:8      | 9717 ||| DROPPING +0 buckler.
  9733 | D:9      | 9733 ||| Stepping ~*~*~tactically~*~*~ (hiding).
  9735 | D:9      | 9735 ||| Stepping ~*~*~tactically~*~*~ (hiding).
  9846 | D:9      | 9846 ||| INVOKING Heroism.
  9854 | D:9      | Reached *** piety under Okawaru
  9865 | D:9      | Reached skill level 6 in Shields
  9933 | D:9      | 9933 ||| Stepping ~*~*~tactically~*~*~ (stealth).
  9934 | D:9      | 9934 ||| Stepping ~*~*~tactically~*~*~ (stealth).
 10071 | D:9      | 10071 ||| Stepping ~*~*~tactically~*~*~ (stealth).
 10072 | D:9      | 10072 ||| INVOKING Heroism.
 10099 | D:9      | 10099 ||| Stepping ~*~*~tactically~*~*~ (stealth).
 10101 | D:9      | 10101 ||| Stepping ~*~*~tactically~*~*~ (stealth).
 10103 | D:9      | 10103 ||| INVOKING Heroism.
 10112 | D:9      | Reached XP level 11. HP: 68/68 MP: 12/14
 10126 | D:9      | 10126 ||| Stepping ~*~*~tactically~*~*~ (stealth).
 10130 | D:9      | 10130 ||| Stepping ~*~*~tactically~*~*~ (stealth).
 10137 | D:9      | 10137 ||| INVOKING Heroism.
 10140 | D:9      | 10140 ||| Stepping ~*~*~tactically~*~*~ (hiding).
 10671 | D:9      | 10671 ||| UPGRADING to +0 plate armour.
 10681 | D:9      | 10681 ||| DROPPING +0 chain mail.
 10682 | D:9      | 10682 ||| DRINKING 2 fizzy dark potions.
 10737 | D:10     | Entered Level 10 of the Dungeon
 10781 | D:10     | 10781 ||| INVOKING Heroism.
 11065 | D:10     | 11065 ||| Stepping ~*~*~tactically~*~*~ (hiding).
 11071 | D:10     | 11071 ||| INVOKING Heroism.
 11121 | D:10     | 11121 ||| INVOKING Heroism.
 11301 | D:10     | Found Urebor's Assorted Antiques.
 11306 | D:10     | 11306 ||| BUYING 2 smoky ruby potions (50 gold).
 11306 | D:10     | Bought 2 smoky ruby potions for 50 gold pieces
 11306 | D:10     | 11306 ||| BUYING potion of heal wounds (140 gold).
 11306 | D:10     | Bought a potion of heal wounds for 140 gold pieces
 11350 | D:10     | 11350 ||| UPGRADING to +2 hat.
 11355 | D:10     | 11355 ||| READING scroll labelled CEETINL TEZXIT.
 11356 | D:10     | 11356 ||| DRINKING 3 smoky ruby potions.
 11384 | D:11     | Noticed a white ugly thing
 11385 | D:11     | 11385 ||| STAIRDANCE
 11414 | D:11     | 11414 ||| STAIRDANCE
 11416 | D:10     | 11416 ||| INVOKING Heroism.
 11425 | D:10     | Killed a white ugly thing
 11633 | D:11     | 11633 ||| STAIRDANCE
 11642 | D:10     | Reached skill level 9 in Shields
 11652 | D:10     | 11652 ||| DRINKING potion of curing.
 11652 | D:10     | 11652 ||| (to cure confusion)
 11664 | D:10     | 11664 ||| INVOKING Heroism.
 11798 | D:11     | 11798 ||| STAIRDANCE
 11867 | D:11     | 11867 ||| STAIRDANCE
 11875 | D:10     | Reached **** piety under Okawaru
 11887 | D:11     | 11887 ||| STAIRDANCE
 12004 | D:11     | 12004 ||| STAIRDANCE
 12046 | D:11     | 12046 ||| INVOKING Heroism.
 12058 | D:11     | Reached skill level 11 in Axes
 12135 | D:11     | 12135 ||| INVOKING Heroism.
 12153 | D:11     | Noticed a boulder beetle
 12154 | D:11     | 12154 ||| INVOKING Heroism.
 12161 | D:11     | Killed a boulder beetle
 12161 | D:11     | Reached ***** piety under Okawaru
 12166 | D:11     | Received a gift from Okawaru
 12167 | D:11     | Reached skill level 6 in Invocations
 12181 | D:11     | Found a transporter.
 12199 | D:11     | Noticed a deep elf knight
 12215 | D:11     | Noticed a deep elf knight
 12221 | D:11     | Noticed a fire crab
 12232 | D:11     | 12232 ||| INVOKING Heroism.
 12260 | D:11     | 12260 ||| INVOKING Heroism.
 12282 | D:11     | Noticed a cyclops
 12282 | D:11     | Noticed a manticore
 12284 | D:11     | 12284 ||| INVOKING Heroism.
 12299 | D:11     | Killed a cyclops
 12302 | D:11     | Killed a manticore
 12303 | D:11     | Reached XP level 12. HP: 31/73 MP: 15/17
 12305 | D:11     | HP: 18/73 [howler monkey (3)]
 12306 | D:11     | 12306 ||| READING 9 scrolls of teleportation.
 12307 | D:11     | 12307 ||| DRINKING 4 potions of heal wounds.
 12311 | D:11     | 12311 ||| Stepping ~*~*~tactically~*~*~ (stealth).
 12315 | D:11     | 12315 ||| INVOKING Heroism.
 12318 | D:11     | Identified the +1 broad axe "Wociet" {pain, Dex+2} (Okawaru
                  | gifted it to you on level 11 of the Dungeon)
 12318 | D:11     | Received a gift from Okawaru
 12394 | D:11     | 12394 ||| FLEEEEING.
 12396 | D:11     | 12396 ||| SWAPPING to +1 broad axe "Wociet" {pain, Dex+2}.
 12434 | D:11     | 12434 ||| FLEEEEING.
 12439 | D:11     | 12439 ||| STAIRDANCE
 12535 | D:10     | 12535 ||| DROPPING +1 war axe of venom.
 12545 | D:11     | 12545 ||| Stepping ~*~*~tactically~*~*~ (stealth).
 12546 | D:11     | 12546 ||| Stepping ~*~*~tactically~*~*~ (stealth).
 12547 | D:11     | 12547 ||| Stepping ~*~*~tactically~*~*~ (hiding).
 12554 | D:11     | 12554 ||| INVOKING Heroism.
 12582 | D:11     | 12582 ||| READING scroll of enchant armour.
 12582 | D:11     | 12582 ||| ENCHANTING +1 cloak.
 12593 | D:11     | Identified the +7 dagger of the New World {pain, Str+5
                  | SInv}
 12600 | D:11     | Found a transporter.
 12659 | D:11     | Found a bloodstained altar of Trog.
 12660 | D:11     | 12660 ||| Stepping ~*~*~tactically~*~*~ (stealth).
 12664 | D:11     | 12664 ||| Stepping ~*~*~tactically~*~*~ (stealth).
 12714 | D:11     | Found a staircase to the Lair.
 12753 | D:11     | 12753 ||| Stepping ~*~*~tactically~*~*~ (stealth).
 12870 | D:11     | 12870 ||| PLANNING LAIR
 12870 | D:11     | 12870 ||| DROPPING ring of protection from cold.
 12871 | D:11     | 12871 ||| READING 3 scrolls of identify.
 12871 | D:11     | 12871 ||| IDENTIFYING emerald potion
 12872 | D:11     | 12872 ||| READING 2 scrolls of identify.
 12872 | D:11     | 12872 ||| IDENTIFYING viscous purple potion
 12873 | D:11     | 12873 ||| DROPPING potion of flight.
 12908 | Lair:1   | Entered Level 1 of the Lair of Beasts
 12926 | Lair:1   | Noticed an eight-headed hydra
 12927 | Lair:1   | 12927 ||| INVOKING Heroism.
 12928 | Lair:1   | 12928 ||| INVOKING Finesse.
 12931 | Lair:1   | 12931 ||| SWAPPING to +5 morningstar.
 12934 | Lair:1   | 12934 ||| Stepping ~*~*~tactically~*~*~ (outnumbered).
 12935 | Lair:1   | 12935 ||| Stepping ~*~*~tactically~*~*~ (outnumbered).
 12936 | Lair:1   | 12936 ||| Stepping ~*~*~tactically~*~*~ (outnumbered).
 12939 | Lair:1   | 12939 ||| Stepping ~*~*~tactically~*~*~ (outnumbered).
 12940 | Lair:1   | 12940 ||| Stepping ~*~*~tactically~*~*~ (outnumbered).
 12941 | Lair:1   | Killed an eight-headed hydra
 12942 | Lair:1   | 12942 ||| SWAPPING to +1 broad axe "Wociet" {pain, Dex+2}.
 12946 | Lair:1   | Reached skill level 9 in Fighting
 12957 | Lair:1   | 12957 ||| Stepping ~*~*~tactically~*~*~ (stealth).
 12964 | Lair:1   | 12964 ||| INVOKING Heroism.
 13079 | Lair:1   | Reached skill level 9 in Invocations
 13223 | Lair:1   | Noticed a catoblepas
 13224 | Lair:1   | 13224 ||| INVOKING Heroism.
 13225 | Lair:1   | 13225 ||| INVOKING Finesse.
 13230 | Lair:1   | Killed a catoblepas
 13461 | Lair:1   | 13461 ||| INVOKING Heroism.
 13464 | Lair:1   | Identified the +7 mace of a Hundred Dances {drain, MP+9}
                  | (Okawaru gifted it to you on level 1 of the Lair of Beasts)
 13464 | Lair:1   | Received a gift from Okawaru
 14097 | Lair:1   | 14097 ||| READING scroll labelled YJOCEU SEIRE.
 14098 | Lair:1   | 14098 ||| READING 3 scrolls of identify.
 14098 | Lair:1   | 14098 ||| IDENTIFYING yellow potion
 14210 | Lair:2   | 14210 ||| INVOKING Heroism.
 14234 | Lair:2   | Found a staircase to the Snake Pit.
 14265 | Lair:2   | 14265 ||| Stepping ~*~*~tactically~*~*~ (stealth).
 14266 | Lair:2   | 14266 ||| Stepping ~*~*~tactically~*~*~ (stealth).
 14268 | Lair:2   | 14268 ||| Stepping ~*~*~tactically~*~*~ (stealth).
 14269 | Lair:2   | 14269 ||| Stepping ~*~*~tactically~*~*~ (stealth).
 14271 | Lair:2   | 14271 ||| Stepping ~*~*~tactically~*~*~ (stealth).
 14273 | Lair:2   | 14273 ||| Stepping ~*~*~tactically~*~*~ (stealth).
 14274 | Lair:2   | 14274 ||| Stepping ~*~*~tactically~*~*~ (stealth).
 14275 | Lair:2   | 14275 ||| Stepping ~*~*~tactically~*~*~ (stealth).
 14276 | Lair:2   | 14276 ||| INVOKING Heroism.
 14592 | Lair:2   | 14592 ||| INVOKING Heroism.
 14627 | Lair:2   | 14627 ||| INVOKING Heroism.
 14631 | Lair:2   | Reached skill level 12 in Axes
 14641 | Lair:2   | 14641 ||| Stepping ~*~*~tactically~*~*~ (stealth).
 14651 | Lair:2   | Slain by a bog body

Levels and vault maps discovered:
D:1:      erik_arrival_triangle_medium, layout_rooms,
          shapermc_ecumenical_altar_mp_highgroup
D:2:      layout_basic, serial_shops, nicolae_shop_statue_plus,
          minmay_small_reverse_x, uniq_jessica
D:3:      layout_rooms, worldfamousw_hep_ancestral_shrine, serial_shops, shop,
          uniq_terence, uniq_grinder
D:4:      layout_basic, uniq_robin
D:5:      layout_basic, mainiacjoe_overflow_24_doors, tso_oasis_becter,
          cheibrodos_worm_habitat, minmay_temple_entry_glassed_door,
          gammafunk_ghost_stat_death, uniq_menkaure, uniq_pikel
D:6:      layout_cave_pods, chequers_ossuary_entry_cave, uniq_duvessa,
          uniq_prince_ribbit1
D:7:      layout_loops_ring, nicolae_sif_muna_little_library,
          old_standard_altar, serial_shops, shop
D:8:      layout_basic, hellmonk_ghost_happy_afterlife, enter_bailey_5,
          kennysheep_generic_room_13, uniq_maggie, uniq_psyche
D:9:      layout_loops_cross
D:10:     layout_roguey, serial_shops, shop
D:11:     gammafunk_wand_slinger, layout_rooms, lair_entry_dummy,
          portal_ice_cave_entry_pillars_1, serial_undead, serial_undead_a,
          serial_undead_b, serial_undead_d, serial_undead_c, serial_undead_d,
          serial_undead_e, serial_undead_c, serial_undead_f, trog_hazing_becter
Temple:   nicolae_temple_superstar
Lair:1:   layout_chaotic_city, grunt_megastairs_4
Lair:2:   layout_chaotic_city, nicolae_swamp_entry_splash_gauntlet,
          dummy_snake_entry

Skill      XL: |  1  2  3  4  5  6  7  8  9 10 11 12 |
---------------+-------------------------------------+-----
Axes           | 2 3 4 5 7 8 9 10 11 12 | 12.0
Fighting       | 5 6 7 8 9 |  9.0
Dodging        | 1 2 |  2.7
Armour         | 4 5 6 8 |  8.1
Throwing       | 1 |  1.6
Shields        | 4 7 9 10 | 10.0
Invocations    | 3 4 7 10 | 10.0

Action                   |  1- 3 |  4- 6 |  7- 9 | 10-12 || total
-------------------------+-------+-------+-------+-------++-------
Melee: War axe           |    97 |    85 |   296 |   434 ||   912
       Unarmed           |       |    23 |       |       ||    23
       Peck              |       |       |    32 |   118 ||   150
       Broad axe         |       |       |       |   151 ||   151
       Morningstar       |       |       |       |     4 ||     4
Throw: Boomerang         |       |       |    16 |    68 ||    84
Invok: Heroism           |       |       |     7 |    31 ||    38
       Finesse           |       |       |       |     2 ||     2
  Use: Scroll            |     1 |     5 |    10 |    12 ||    28
       Potion            |       |       |     5 |     6 ||    11
 Stab: Invisible         |       |       |       |     1 ||     1
Armor: Scale mail        |    33 |       |       |       ||    33
       Chain mail        |    11 |    34 |   175 |    99 ||   319
       Skin              |       |     6 |       |       ||     6
       Plate armour      |       |       |       |   398 ||   398
Dodge: Dodged            |    36 |    50 |    89 |   209 ||   384
Block: Buckler           |    14 |    23 |    49 |    27 ||   113
       Kite shield       |       |       |       |   278 ||   278

Table legend:
 A = Non-vault XP
 B = Vault XP
 C = Vault XP percentage of total XP
 D = Non-vault monster count
 E = Vault monster count
 F = Vault count percentage of total count
                 A         B        C        D         E       F
            +---------+---------+-------+---------+---------+-------
      Total |   18392 |   11077 |  37.6 |     245 |      75 |  23.4
            +---------+---------+-------+---------+---------+-------
        D:1 |      40 |       0 |   0.0 |      24 |       0 |   0.0
        D:2 |      91 |      44 |  32.6 |      20 |       5 |  20.0
        D:3 |     103 |     299 |  74.4 |      15 |       2 |  11.8
        D:4 |     329 |      29 |   8.1 |      20 |       8 |  28.6
        D:5 |     689 |     794 |  53.5 |      18 |       3 |  14.3
        D:6 |    1308 |     466 |  26.3 |      29 |       3 |   9.4
        D:7 |    1190 |       0 |   0.0 |      18 |       0 |   0.0
        D:8 |    1237 |     937 |  43.1 |      14 |       8 |  36.4
        D:9 |    1373 |       0 |   0.0 |      26 |       0 |   0.0
       D:10 |    1757 |    1069 |  37.8 |      15 |       5 |  25.0
       D:11 |    3490 |    5200 |  59.8 |      19 |      23 |  54.8
     Lair:1 |    4157 |    1617 |  28.0 |      15 |       8 |  34.8
     Lair:2 |    2628 |       0 |   0.0 |      12 |       0 |   0.0
    Ossuary |       0 |     622 | 100.0 |       0 |      10 | 100.0
            +---------+---------+-------+---------+---------+-------
